 Dungeon Crawl Stone Soup version 0.31-a0-164-g2312942fda (webtiles) character file.

Game seed: 11164493388530851244

194 qw the Shooter (level 5, -4/48 (50) HPs)
             Began as a Naga Hunter on June 13, 2023.
             Slain by a wight
             ... wielding a +0 spear
              (7 damage)
             ... on level 7 of the Dungeon.
             The game lasted 00:00:54 (2725 turns).

qw the Shooter (Naga Hunter)                        Turns: 2725, Time: 00:00:54

HP:   -4/48 (50)    AC:  6    Str: 13    XL:     5   Next: 73%
MP:   0/5           EV:  9    Int:  9    God:
Gold: 195           SH:  0    Dex: 17    Spells: 4/4 levels left

rFire   . . .        Y - +0 shortbow
rCold   . . .        (shield currently unavailable)
rNeg    . . .        c - +0 leather armour
rPois   +            a - +0 helmet
rElec   .            f - +1 cloak
rCorr   .            (no gloves)
SInv    +            (no barding)
Will    .....        h - amulet of guardian spirit
Stlth   ++           (no ring)
HPRegen 0.28/turn    (no ring)
MPRegen 0.09/turn

%: guardian spirit
@: lightly drained, very slow
A: AC +1, large, see invisible, deformed body, poison resistance, slowness 2,
spit poison 1, naga tail 1
a: Spit Poison


You were on level 7 of the Dungeon.
You visited 1 branch of the dungeon, and saw 5 of its levels.

You collected 195 gold pieces.


Innate Abilities, Weirdness & Mutations

Your serpentine skin is tough. (AC +1)
You have supernaturally acute eyesight. (SInv)
Armour fits poorly on your strangely shaped body.
Your system is resistant to poisons. (rPois)
You cover ground very slowly.
You can spit poison.
You have a snake-like lower body.


   Skills:
 - Level 3.9 Fighting
 + Level 5.3 Ranged Weapons
 - Level 1.5 Dodging
 - Level 1.5 Stealth


You had 4 spell levels left.
You didn't know any spells.
Your spell library was empty.

Inventory:

Hand Weapons
 Y - a +0 shortbow (weapon)
Armour
 a - a +0 helmet (worn)
 c - a +0 leather armour (worn)
 f - a +1 cloak (worn)
 i - the +0 helmet "Ugeide" {Harm *Slow rPois}
   (You found it on level 4 of the Dungeon)

   rPois:     It protects you from poison.
   *Slow:     It may slow you when you take damage.
   Harm:      It increases damage dealt and taken.
Jewellery
 h - an amulet of guardian spirit (around neck)
 j - a ring of ice
 l - a ring of magical power
Scrolls
 b - a scroll of identify
 m - a scroll of revelation {unknown}
Potions
 d - a potion of cancellation
 e - a potion of heal wounds
 g - a potion of might
 k - a potion of degeneration {unknown}

Dungeon Overview and Level Annotations

Branches:
Dungeon (7/15)
 Temple: D:4-7

Altars:
Kikubaaqudgha
Uskayaw
Xom

Shops:
D:2 (   D:3 [   D:4 :

Annotations:
D:3 1 runed translucent door, Crazy Yiuf


Message History

The howler monkey hits you.
You shoot an arrow. The arrow hits the howler monkey!
You kill the howler monkey!
You start resting.
You have got your breath back.
HP restored.
You see here a howler monkey corpse.
A wight comes into view. It is wielding a +4 battleaxe.
You see here a scroll labelled FOUZAC JYOHU.
You shoot an arrow. The arrow hits the wight.
The wight is moderately damaged.
You shoot an arrow.
The arrow hits the wight but does no damage.
The wight is moderately damaged.
You shoot an arrow. The arrow closely misses the wight.
You shoot an arrow. The arrow hits the wight.
The wight is heavily damaged.
The wight hits you with a +4 battleaxe!
You feel drained.
A wight comes into view.
It is wielding a +4 long sword of freezing.
You shoot an arrow. The arrow closely misses the wight.
The wight barely misses you.
You shoot an arrow. The arrow hits the wight.
The wight is heavily damaged.
The wight barely misses you.
A wight comes into view. It is wielding a +3 battleaxe.
A wight comes into view.
It is wielding a +4 dagger of freezing and quivering poisoned darts.
You shoot an arrow. The arrow barely misses the wight.
The wight barely misses you.
You shoot an arrow. The arrow barely misses the wight.
The wight hits you with a +4 battleaxe!
A wight comes into view. It is wielding a +0 spear.
You shoot an arrow. The arrow barely misses the wight. x2
The wight hits you with a +4 battleaxe!
The wight hits you with a +4 dagger of freezing.
The wight freezes you.
You shoot an arrow. The arrow barely misses the wight.
The arrow hits the wight.
The wight is moderately damaged.
The wight hits you with a +4 battleaxe!
The wight hits you from afar with a +0 spear!
You die...

##.#####...........
..................>
..#.................
#...................
#...............#...
.............###....
.............#......
...........#%...###
...........#@....#
...........zzz......
..........z...#.....
..........##..####..
..........#.z# .
......=..#..# ...
.... ... .##.


You could see 5 wights.

Vanquished Creatures
  A scorpion (D:4)
  A howler monkey (D:7)
  4 adders
  A worm (D:3)
  3 dart slugs
  3 orcs
  5 bats (D:3)
  5 endoplasms
  5 giant cockroaches
  4 goblins
  4 hobgoblins
  3 jackals (D:3)
  A quokka (D:2)
  3 ball pythons
  3 frilled lizards
  4 kobolds
  3 rats
53 creatures vanquished.

Notes
Turn   | Place    | Note
-------+----------+-------------------------------------------
     0 | D:1      | qw the Naga Hunter began the quest for the Orb.
     0 | D:1      | Reached XP level 1. HP: 19/19 MP: 1/1
     0 | D:1      | 0 ||| qw: Version: 0.2-a-29-gc1b59c4
     0 | D:1      | 0 ||| qw: Game counter: 4580
     0 | D:1      | 0 ||| qw: Always use a shield: true
     0 | D:1      | 0 ||| qw: God list: Okawaru
     0 | D:1      | 0 ||| qw: Allow faded altars: false
     0 | D:1      | 0 ||| qw: Do Orc after D:15 true
     0 | D:1      | 0 ||| qw: Do second Lair branch before Depths: true
     0 | D:1      | 0 ||| qw: Lair rune preference: random
     0 | D:1      | 0 ||| qw: Plans: Normal
     0 | D:1      | 0 ||| PLANNING D:1-11
    10 | D:1      | 10 ||| INVOKING Spit Poison.
    55 | D:1      | 55 ||| INVOKING Spit Poison.
   105 | D:1      | 105 ||| INVOKING Spit Poison.
   167 | D:1      | Reached skill level 4 in Ranged Weapons
   167 | D:1      | Reached XP level 2. HP: 26/26 MP: 2/2
   209 | D:1      | 209 ||| INVOKING Spit Poison.
   230 | D:1      | 230 ||| INVOKING Spit Poison.
   371 | D:1      | 371 ||| INVOKING Spit Poison.
   377 | D:1      | 377 ||| INVOKING Spit Poison.
   407 | D:1      | 407 ||| INVOKING Spit Poison.
   626 | D:1      | 626 ||| INVOKING Spit Poison.
   629 | D:1      | 629 ||| INVOKING Spit Poison.
   634 | D:1      | 634 ||| INVOKING Spit Poison.
   869 | D:1      | 869 ||| UPGRADING to +0 cloak.
   874 | D:1      | 874 ||| UPGRADING to +1 cloak.
   884 | D:1      | 884 ||| DROPPING +0 cloak.
   885 | D:1      | 885 ||| DROPPING ring of wizardry.
   886 | D:1      | 886 ||| READING scroll labelled DYOHYQILOE.
   887 | D:1      | 887 ||| READING 3 scrolls labelled HYUTATZ CULO.
   888 | D:1      | 888 ||| READING scroll labelled YFRAGO ISAUDIDE.
   889 | D:1      | 889 ||| DROPPING scroll of butterflies.
   890 | D:1      | 890 ||| DROPPING 2 scrolls of fog.
   901 | D:2      | Found a hide-covered altar of Uskayaw.
  1014 | D:2      | 1014 ||| INVOKING Spit Poison.
  1030 | D:2      | 1030 ||| INVOKING Spit Poison.
  1033 | D:2      | 1033 ||| INVOKING Spit Poison.
  1072 | D:2      | 1072 ||| INVOKING Spit Poison.
  1075 | D:2      | Reached XP level 3. HP: 32/32 MP: 3/3
  1114 | D:2      | Found Kesoxuoq's Weapon Emporium.
  1145 | D:2      | 1145 ||| INVOKING Spit Poison.
  1150 | D:2      | 1150 ||| INVOKING Spit Poison.
  1581 | D:2      | 1581 ||| READING scroll labelled JATZET MECVODI.
  1627 | D:3      | 1627 ||| INVOKING Spit Poison.
  1665 | D:3      | 1665 ||| INVOKING Spit Poison.
  1686 | D:3      | 1686 ||| INVOKING Spit Poison.
  1709 | D:3      | Reached skill level 5 in Ranged Weapons
  1709 | D:3      | Reached XP level 4. HP: 39/39 MP: 4/4
  1733 | D:3      | Found a shimmering altar of Xom.
  1733 | D:3      | Found a shimmering altar of Xom.
  1743 | D:3      | Found an ancient bone altar of Kikubaaqudgha.
  1745 | D:3      | 1745 ||| INVOKING Spit Poison.
  1748 | D:3      | 1748 ||| INVOKING Spit Poison.
  1795 | D:3      | 1795 ||| INVOKING Spit Poison.
  1801 | D:3      | 1801 ||| INVOKING Spit Poison.
  1817 | D:3      | 1817 ||| INVOKING Spit Poison.
  1830 | D:3      | 1830 ||| INVOKING Spit Poison.
  1834 | D:3      | 1834 ||| INVOKING Spit Poison.
  1840 | D:3      | 1840 ||| INVOKING Spit Poison.
  1841 | D:3      | 1841 ||| INVOKING Spit Poison.
  1846 | D:3      | 1846 ||| INVOKING Spit Poison.
  1850 | D:3      | 1850 ||| INVOKING Spit Poison.
  1868 | D:3      | 1868 ||| FLEEEEING.
  1869 | D:3      | 1869 ||| FLEEEEING.
  1872 | D:3      | 1872 ||| STAIRDANCE
  1911 | D:2      | 1911 ||| DRINKING 2 viscous inky potions.
  1952 | D:2      | 1952 ||| DROPPING potion of lignification.
  1999 | D:3      | 1999 ||| INVOKING Spit Poison.
  2033 | D:3      | 2033 ||| INVOKING Spit Poison.
  2061 | D:3      | 2061 ||| INVOKING Spit Poison.
  2088 | D:3      | 2088 ||| INVOKING Spit Poison.
  2092 | D:3      | 2092 ||| INVOKING Spit Poison.
  2101 | D:3      | Found Nimady's Antique Armour Shoppe.
  2105 | D:3      | 2105 ||| SHOPLISTING glowing scarf (160 gold, have 148).
  2111 | D:3      | 2111 ||| INVOKING Spit Poison.
  2117 | D:3      | 2117 ||| INVOKING Spit Poison.
  2122 | D:3      | 2122 ||| INVOKING Spit Poison.
  2262 | D:3      | Found a shimmering altar of Xom.
  2304 | D:3      | 2304 ||| INVOKING Spit Poison.
  2308 | D:3      | 2308 ||| INVOKING Spit Poison.
  2327 | D:3      | 2327 ||| INVOKING Spit Poison.
  2373 | D:3      | Found a runed translucent door.
  2374 | D:3      | Noticed Crazy Yiuf
  2463 | D:3      | 2463 ||| INVOKING Spit Poison.
  2543 | D:3      | 2543 ||| UPGRADING to +0 helmet.
  2548 | D:3      | 2548 ||| UPGRADING to amulet of guardian spirit.
  2553 | D:3      | 2553 ||| READING 4 scrolls labelled COH KAQURPH.
  2554 | D:3      | 2554 ||| DRINKING 2 fuming cyan potions.
  2555 | D:3      | 2555 ||| READING 3 scrolls of identify.
  2555 | D:3      | 2555 ||| IDENTIFYING puce potion
  2556 | D:3      | 2556 ||| READING 2 scrolls of identify.
  2556 | D:3      | 2556 ||| IDENTIFYING emerald potion
  2600 | D:4      | Found Deqexzem's Book Emporium.
  2604 | D:4      | Identified the +0 helmet "Ugeide" {Harm *Slow rPois}
  2611 | D:4      | Noticed a scorpion
  2612 | D:4      | 2612 ||| INVOKING Spit Poison.
  2616 | D:4      | 2616 ||| INVOKING Spit Poison.
  2617 | D:4      | Killed a scorpion
  2618 | D:4      | Reached skill level 3 in Fighting
  2618 | D:4      | Reached XP level 5. HP: 42/50 MP: 3/5
  2694 | D:4      | You fall into a shaft and drop 3 floors!
  2707 | D:7      | 2707 ||| INVOKING Spit Poison.
  2725 | D:7      | HP: 3/48 [wight/+4 battleaxe (12)]
  2725 | D:7      | Slain by a wight

Levels and vault maps discovered:
D:1:      dpeg_arrival_rooms_b, layout_loops_ring, serial_forest,
          infiniplex_forest_clump_tiny, infiniplex_forest_corner_1,
          infiniplex_forest_lined_4_way, infiniplex_forest_corner_1,
          infiniplex_forest_end_1, infiniplex_forest_straight_4,
          infiniplex_forest_lined_4_way, infiniplex_forest_end_double,
          infiniplex_forest_lined_2, minmay_cut_off
D:2:      layout_loops_cross, serial_forest, infiniplex_forest_end_1,
          infiniplex_forest_lined_room_2, infiniplex_forest_join,
          infiniplex_forest_lined_room_, serial_shops,
          nicolae_shop_tiny_statue_garden, basic_altar, item_on_display_a
D:3:      cheibrodos_helix_gallery, layout_loops_ring,
          mainiacjoe_overflow_paths, xom_redecorated, serial_shops, shop,
          uniq_crazy_yiuf_cottage
D:4:      layout_rooms, serial_shops, shop, nicolae_shop_rolled_up, shop
D:7:      layout_layer_cave, nemelex_xobeh_ov_fountains_minmay, hellmonk_no_cap,
          uniq_maggie

Skill      XL: |  1  2  3  4 |
---------------+-------------+-----
Ranged Weapons | 4 5 |  5.3
Fighting       | 3 |  3.9
Dodging        | |  1.5
Stealth        | |  1.5

Action                     |  1- 3 |  4- 6 || total
---------------------------+-------+-------++-------
   Fire: Shortbow          |    50 |    78 ||   128
Ability: Spit Poison       |    20 |    25 ||    45
    Use: Scroll            |     4 |     3 ||     7
         Potion            |       |     2 ||     2
 Armour: Leather armour    |     5 |    14 ||    19
  Dodge: Dodged            |    11 |    38 ||    49

Table legend:
 A = Non-vault XP
 B = Vault XP
 C = Vault XP percentage of total XP
 D = Non-vault monster count
 E = Vault monster count
 F = Vault count percentage of total count
                 A         B        C        D         E       F
            +---------+---------+-------+---------+---------+-------
      Total |     270 |       8 |   2.9 |      48 |       5 |   9.4
            +---------+---------+-------+---------+---------+-------
        D:1 |      21 |       4 |  16.0 |      10 |       3 |  23.1
        D:2 |      23 |       0 |   0.0 |       7 |       0 |   0.0
        D:3 |      88 |       4 |   4.3 |      27 |       2 |   6.9
        D:4 |      87 |       0 |   0.0 |       3 |       0 |   0.0
        D:7 |      51 |       0 |   0.0 |       1 |       0 |   0.0
            +---------+---------+-------+---------+---------+-------
